 Dungeon Crawl Stone Soup version 0.21.1-1-g345015fe64 (webtiles) character file.

232 Gargoyl the Skirmisher (level 5, -2/69 HPs)
             Began as a Centaur Abyssal Knight on June 1, 2018.
             Was a Believer of Lugonu.
             Blown up by Pikel (21 damage)
             ... with a wand of disintegration (13)
             ... on level 4 of the Dungeon.
             The game lasted 00:05:00 (3595 turns).

Gargoyl the Skirmisher (Centaur Abyssal Knight)     Turns: 3595, Time: 00:05:00

Health: -2/69      AC: 22    Str: 14    XL:     5   Next: 73%
Magic:  7/7        EV:  1    Int: 11    God:    Lugonu [**....]
Gold:   153        SH:  0    Dex: 15    Spells: 4/4 levels left

rFire    + . .     SeeInvis .   a - +1 hand axe
rCold    + . .     Gourm    .   (no shield)
rNeg     + + +     Faith    .   (armour currently unavailable)
rPois    +         Spirit   .   (helmet currently unavailable)
rElec    +         Reflect  .   (cloak currently unavailable)
rCorr    +         Harm     .   (gloves currently unavailable)
MR       .....     NoTele   +   (no barding)
Stlth    ++........             n - amulet of regeneration
HPRegen  0.61/turn              (no ring)
MPRegen  0.10/turn              (no ring)

@: agile, tree-form, resistant, hasted, very quick
A: large
a: Depart the Abyss, Bend Space, Renounce Religion


You were on level 4 of the Dungeon.
You worshipped Lugonu.
Lugonu was pleased with you.
You were not hungry.
You were a tree.
You visited 1 branch of the dungeon, and saw 4 of its levels.
You visited the Abyss 1 time.

You collected 153 gold pieces.

Inventory:

Hand Weapons
 a - a +1 hand axe (weapon)
Armour
 e - a +0 chain mail (melded)
 g - the +0 helmet of the Ant (melded) {rPois}
   (You took it off Robin on level 2 of the Dungeon)

   It protects you from poison.
Jewellery
 n - an amulet of regeneration (around neck)
Scrolls
 m - a scroll of amnesia
Comestibles
 c - 11 rations


   Skills:
 + Level 4.2 Fighting
 + Level 3.1 Axes
 * Level 2.5 Armour
 + Level 1.0 Dodging
 * Level 3.1 Invocations


You had 4 spell levels left.
You didn't know any spells.

Dungeon Overview and Level Annotations

Branches:
Dungeon (4/15)             Temple (0/1) D:4

Altars:
Trog

Annotations:
D:4 Pikel


Innate Abilities, Weirdness & Mutations

((You have hooves in place of feet.))
((Armour fits poorly on your strangely shaped body.))
((You cover ground very quickly.))
((You have extremely tough skin. (AC +3)))


Message History

It was a potion of resistance.
You feel protected.
Pikel hits you with a whip of electrocution.
* * * LOW HITPOINT WARNING * * *
It was a potion of lignification.
You turn into a tree.
The +0 helmet of the Ant {rPois} melds into your body.
Your +0 chain mail melds into your body.
Your roots penetrate the ground.
Pikel zaps a wand.
You are blasted!
* * * LOW HITPOINT WARNING * * *
A jackal comes into view.
You feel better.
The jackal barks!
Pikel hits you but does no damage.
It was a potion of haste.
You feel yourself speed up. Pikel hits you but does no damage.
A jackal comes into view.
You barely miss Pikel.
Pikel is lightly wounded.
Pikel zaps a wand.
You are blasted!
You die...

*,,,,,,,,,,,* *,,,
*........h.,* *,,,
*,........##*** *,,,
*,,........,,,* ****
*,,,......#**,*
*,,,,..ph.***,**********
*,,,,,pp.,,,,,,,,,,,,,,,
******#K#,***,**********
######♣#,* *,***** *
#....#.#,* *,,,,,* *
#.##.#.#,* *****,* *
########.#..#.#,* *****,*
* #...........#.#,*
*,,,,,* *
#.######.####"#,* *,,,,,*
*
#.###.....†...#,***,,,,,*
#...#.##.######,*,+,,,,,*
###.#,*#.#*****,*,*,,,,,*


You could see Pikel, 3 slaves and 2 jackals.

Vanquished Creatures
  A jelly (Abyss:1)
  A centaur skeleton (D:4)
  Robin (D:2)
  7 adders
  2 worms
  4 dart slugs
  3 orcs (D:3)
  10 goblins
  13 hobgoblins
  16 jackals
  5 kobolds
  2 quokkas
  A ball python (D:3)
  5 bats
  3 frilled lizards
  5 rats (D:3)
79 creatures vanquished.

Vanquished Creatures (others)
  2 starspawn tentacles (Abyss:1)
2 creatures vanquished.

Grand Total: 81 creatures vanquished

Notes
Turn   | Place    | Note
-------+----------+-------------------------------------------
     0 | Abyss:1  | Gargoyl the Centaur Abyssal Knight began the quest for the Orb.
     0 | Abyss:1  | Reached XP level 1. HP: 19/19 MP: 2/2
    31 | Abyss:1  | Noticed a jelly
    34 | Abyss:1  | Killed a jelly
    34 | Abyss:1  | Reached XP level 2. HP: 20/27 MP: 3/3
    34 | Abyss:1  | Reached XP level 3. HP: 25/33 MP: 4/4
    35 | Abyss:1  | Noticed a large abomination
    41 | Abyss:1  | Noticed a small abomination
    47 | Abyss:1  | Noticed a raiju
    61 | Abyss:1  | Noticed an ancient zyme
    84 | Abyss:1  | Noticed a tentacled starspawn
    91 | Abyss:1  | Noticed a ynoxinul
    91 | Abyss:1  | Noticed a neqoxec
    93 | D:1      | Escaped the Abyss
   422 | D:1      | Reached * piety under Lugonu
   896 | D:2      | Noticed Robin
  1008 | D:2      | Killed Robin
  1008 | D:2      | Reached skill level 4 in Fighting
  1008 | D:2      | Reached XP level 4. HP: 37/40 MP: 5/5
  1031 | D:2      | Got an encrusted helmet
  1037 | D:2      | Identified the +0 helmet of the Ant {rPois} (You took it off Robin on level 2 of the Dungeon)
  1792 | D:2      | Reached ** piety under Lugonu
  1792 | D:2      | Reached skill level 1 in Dodging
  2245 | D:3      | Reached XP level 5. HP: 46/46 MP: 7/7
  3048 | D:3      | Found a bloodstained altar of Trog.
  3480 | D:4      | Found a staircase to the Ecumenical Temple.
  3578 | D:4      | Noticed Pikel
  3578 | D:4      | Noticed a slave
  3578 | D:4      | Noticed a slave
  3578 | D:4      | Noticed a slave
  3579 | D:4      | Noticed a slave
  3595 | D:4      | Blown up by Pikel

Skill      XL: |  1  2  3  4  5 |
---------------+----------------+-----
Axes           | 2 3 |  3.1
Fighting       | 4 |  4.2
Armour         | 2 |  2.5
Dodging        | 1 |  1.0
Invocations    | 3 |  3.1

Action                   |  1- 3 |  4- 6 || total
-------------------------+-------+-------++-------
Melee: Hand axe          |    59 |   165 ||   224
       Kick              |    13 |    19 ||    32
Invok: Depart the Abyss  |     1 |       ||     1
  Use: Scroll            |     3 |     5 ||     8
       Potion            |       |     6 ||     6
  Eat: Chunk             |       |     5 ||     5
       Ration            |       |     1 ||     1
Armor: Leather armour    |    24 |     6 ||    30
       Chain mail        |       |   103 ||   103
       Ring mail         |       |    10 ||    10
       Skin              |       |     2 ||     2
Dodge: Dodged            |    32 |    37 ||    69
